Get step-by-step instructions on how to execute this build order below. Start the game timer, and the build order will tick by so you can play in parallel with StarCraft on a second screen or mobile device.

Game Time

  0:00

Last Step

  N/A

Next Step

Upcoming Step



Don't want to look back and forth between 2 screens? Try out our Overwolf App, the Spawning Tool Build Advisor to get an in-game overlay with this build!

Complete Build Order

  12  0:00  Drone  
  13  0:12  Overlord  
  13  0:16  Drone  
  14  0:30  Drone x2  
  16  0:47  Hatchery  
  15  0:50  Drone  
  15  0:53  Drone  
  18  0:57  Drone  
  18  1:07  Extractor  
  17  1:12  Spawning Pool  
  17  1:15  Drone  
  17  1:18  Drone  
  18  1:27  Drone  
  19  1:38  Drone  
  20  1:48  Drone  
  21  1:59  Queen x2  
  21  2:00  Zergling x2, Overlord  
  26  2:08  Metabolic Boost  
  26  2:10  Drone x2  
  28  2:20  Drone  
  28  2:21  Drone  
  30  2:32  Drone x2  
  30  2:35  Hatchery  
  31  2:43  Drone  
  31  2:44  Overlord  
  32  2:55  Drone x2, Queen  
  36  3:01  Queen  
  36  3:03  Drone  
  39  3:06  Drone  
  39  3:07  Overlord  
  39  3:11  Drone x2  
  42  3:14  Drone  
  42  3:19  Overlord  
  42  3:27  Overlord  
  42  3:28  Drone  
  42  3:31  Queen  
  45  3:39  Queen  
  45  3:40  Overlord  
  45  3:41  Zergling x8  
  51  3:43  Spore Crawler  
  50  3:48  Queen  
  50  3:50  Drone  
  50  3:53  Zergling x2  
  50  3:55  Drone  
  55  4:00  Drone x2  
  57  4:03  Drone x4  
  61  4:12  Drone  
  61  4:13  Drone x3  
  61  4:15  Spore Crawler  
  64  4:19  Drone x2  
  64  4:20  Drone  
  64  4:23  Drone  
  65  4:29  Drone  
  65  4:30  Drone  
  66  4:33  Overlord  
  66  4:36  Lair  
  66  4:38  Drone, Extractor  
  66  4:41  Zergling x2  
  66  4:42  Zergling x4  
  66  4:45  Drone x2  
  69  4:46  Drone x2  
  69  4:50  Evolution Chamber  
  69  4:52  Overlord  
  70  4:54  Drone x2  
  70  4:55  Drone  
  70  4:57  Drone  
  74  5:01  Drone  
  74  5:06  Drone x2, Spore Crawler  
  76  5:09  Drone x4  
  76  5:11  Roach Warren  
  76  5:12  Drone, Extractor  
  79  5:14  Extractor, Overlord  
  79  5:18  Drone x3  
  79  5:20  Drone x2  
  82  5:23  Drone  
  82  5:24  Zerg Missile Weapons Level 1  
  82  5:27  Extractor, Drone  
  83  5:28  Extractor  
  83  5:29  Drone  
  83  5:31  Drone  
  84  5:37  Overlord  
  84  5:42  Drone x6  
  88  5:43  Drone x2  
  87  5:52  Infestation Pit, Roach  
  87  5:53  Overseer  
  88  5:57  Roach x4  
  88  6:01  Glial Reconstitution  
  88  6:04  Zergling x4  
  98  6:06  Hatchery  
  98  6:07  Overlord  
  98  6:08  Overlord  
  98  6:11  Zergling x10  
  102  6:19  Roach  
  102  6:20  Roach  
  106  6:27  Overlord x2  
  106  6:30  Overlord  
  106  6:33  Overlord  
  106  6:35  Overlord  
  102  6:40  Roach x9  
  120  6:49  Queen  
  120  6:50  Roach x3  
  124  6:54  Hive  
  124  6:57  Drone x4  
  124  6:58  Hydralisk Den  
  127  7:02  Drone  
  127  7:04  Drone x7  
  135  7:10  Queen  
  135  7:11  Drone  
  135  7:12  Drone  
  139  7:16  Drone  
  139  7:20  Zerg Missile Weapons Level 2  
  139  7:21  Extractor x2  
  138  7:23  Drone  
  138  7:24  Drone x5, Spine Crawler  
  143  7:34  Hydralisk  
  143  7:35  Hydralisk x2, Muscular Augments, Lurker Den  
  148  7:40  Hydralisk x3  
  154  7:45  Spore Crawler  
  154  7:46  Hydralisk, Spine Crawler  
  154  7:48  Overlord  
  154  7:56  Hydralisk x4  
  159  8:09  Viper x2  
  159  8:10  Viper  
  168  8:19  Queen x2  
  172  8:22  Spine Crawler  
  171  8:29  Hatchery  
  171  8:33  Drone, Spine Crawler  
  170  8:35  Drone x2  
  170  8:36  Spine Crawler  
  170  8:37  Spine Crawler  
  170  8:43  Seismic Spines, Lurker  
  170  8:44  Lurker x4  
  170  8:46  Overlord x2  
  175  8:52  Spine Crawler  
  175  8:54  Lurker  
  175  8:58  Grooved Spines  
  175  9:00  Overlord x2  
  175  9:02  Overlord  
  175  9:04  Overseer  
  175  9:08  Hydralisk x3  
  181  9:10  Overlord x6  
  181  9:19  Spine Crawler  
  181  9:21  Hydralisk x2  
  181  9:22  Spine Crawler x2  
  182  9:31  Roach x8  
  189  9:35  Roach x3  
  189  9:36  Unknown  
  175  9:40  Adaptive Talons, Roach x3  
  175  9:42  Roach x2  
  172  9:51  Lurker  
  172  9:52  Lurker x4  
  177  9:53  Lurker  
  177  9:58  Roach x4  
  186  10:04  Lurker  
  185  10:09  Lurker  
  185  10:10  Overseer  
  185  10:12  Hatchery  
  185  10:17  Lurker  
  186  10:22  Hydralisk x4  
  186  10:23  Spore Crawler  
  186  10:27  Roach  
  186  10:28  Roach x2  
  197  10:37  Lurker  
  198  10:49  Hydralisk  
  192  10:59  Zerg Missile Weapons Level 3, Spire  
  192  11:02  Evolution Chamber  
  182  11:11  Hydralisk  
  182  11:12  Lurker  
  182  11:13  Lurker x2, Overlord  
  182  11:14  Roach x6  
  199  11:24  Hatchery  
  195  11:34  Roach x7  
  195  11:39  Roach x11  
  199  11:42  Roach x4  
  199  11:43  Roach  
  199  11:46  Roach  
  199  11:47  Roach x4  
  188  11:51  Roach x4  
  188  11:52  Overseer  
  188  11:54  Roach x2  
  172  11:57  Drone x2  
  172  12:03  Roach x8  
  188  12:09  Extractor, Lurker  
  188  12:10  Drone x3  
  188  12:11  Drone x2  
  188  12:13  Extractor  
  188  12:15  Drone x3  
  195  12:16  Spine Crawler  
  195  12:19  Hydralisk x2  
  195  12:20  Zerg Ground Armor Level 1  
  198  12:28  Greater Spire  
  198  12:42  Pneumatized Carapace  
  198  12:51  Hydralisk x2  
  189  12:53  Lurker x2  
  193  13:18  Hydralisk x2  
  193  13:19  Unknown  
  197  13:27  Hydralisk x3  
  197  13:31  Hydralisk x4  
  199  13:39  Roach x10  
  189  13:52  Corruptor  
  189  13:53  Corruptor x5  
  199  14:07  Spine Crawler  
  199  14:09  Lurker x4  
  200  14:11  Hatchery  
  200  14:12  Zerg Flyer Weapons Level 1  
  199  14:29  Spine Crawler  
  199  14:31  Brood Lord x2, Spine Crawler x2  
  199  14:32  Spine Crawler  
  199  14:38  Brood Lord x2  
  197  14:53  Brood Lord  
  197  14:59  Brood Lord  
  199  15:01  Lurker  
  200  15:17  Spine Crawler  
  200  15:18  Lurker, Hatchery, Spine Crawler  
  200  15:19  Overseer x2  
  198  15:32  Lurker x2  
  197  15:45  Lurker x2  
  177  16:04  Hydralisk x17  
  146  16:15  Hydralisk x4